[Event "*** Titled Tuesday 3|2 Blitz (Early)"]
[Site "Chess.com"]
[Date "2016.11.01"]
[Round "1"]
[White "GMKrikor"]
[Black "Quiet_Desperation"]
[Result "1/2-1/2"]
[WhiteElo "2579"]
[BlackElo "2305"]
[TimeControl "180+2"]
[EndTime "11:09:37 PDT"]
[Termination "Game drawn by agreement"]

1. e4 Nc6 2. Nf3 d6 3. d4 Nf6 4. Nc3 d5 5. e5 Ne4 6. Bd3 Bf5 7. Qe2 Nxc3 8. bxc3 Bxd3 9. cxd3 e6 10. Rb1 Rb8 11. h4 Be7 12. h5 h6 13. g4 a5 14. Rg1 b5 15. a3 b4 16. axb4 axb4 17. cxb4 Bxb4+ 18. Kf1 Be7 19. Rxb8 Qxb8 20. Kg2 Qb3 21. Be3 Kd7 22.
Rc1 Ra8 23. Qd1 Qxd1 24. Rxd1 Ra3 25. Ne1 Nb4 26. f4 Bh4 27. Kf3 Bxe1 28. Rxe1 Nxd3 29. Rb1 Kc6 30. Ke2 Kd7 31. Kd2 c5 32. dxc5 d4 33.
Bxd4 Nxf4 34. Rb7+ Kc6 35. Rb6+ Kd5 36. Bb2 Rd3+ 37.
Kc2 Kxc5 38. Rb7 Rg3 39. Rxf7 Rxg4 40. Ba3+ Kd5 41. Bf8 Nxh5 42. Bd6 Nf4 43. Bf8 Kxe5 44. Bxg7+ Ke4 45. Bxh6 e5 46. Kd2 Rg2+ 47. Ke1 Kf3 48.
Bxf4 exf4 49. Kf1 Rb2 50. Kg1 Rb1+ 51. Kh2 Rb2+ 52. Kg1 Rg2+ 53. Kf1 Rf2+ 54. Kg1 Rg2+ 55. Kf1 Rb2 56. Kg1 Ke3 57. Re7+ Kf3 58. Rf7 Rb1+ 59.
Kh2 Ke2 1/2-1/2

[Event "*** Titled Tuesday 3|2 Blitz (Early)"]
[Site "Chess.com"]
[Date "2016.11.01"]
[Round "1"]
[White "Rating-Schmating"]
[Black "brightthunder"]
[Result "0-1"]
[WhiteElo "2268"]
[BlackElo "2566"]
[TimeControl "180+2"]
[EndTime "11:09:41 PDT"]
[Termination "brightthunder won by checkmate"]

1. e4 c5 2. Nf3 e6 3. d4 cxd4 4. Nxd4 a6 5. c4 Nf6 6. Nc3 Qc7 7. Be3 Bb4 8. Bd3 O-O 9. O-O b6 10. Nc2 Be7 11. Qe2 d6 12. f3 Bb7 13. Qf2 Nbd7 14.
Na4 Nc5 15. Nxc5 bxc5 16. b3 Rfe8 17. Rad1 Rab8 18. Bf4 Nd7 19. Qg3 Ne5 20. Be2 Rbd8 21. Ne3 Nc6 22. Nc2 Kh8 23. Rd2 e5 24. Be3 Nd4 25.
Rfd1 Bc6 26. Bf2 a5 27. Ne3 a4 28. Nf5 Bf8 29. Nxd4 exd4 30. Bd3 axb3 31. axb3 Rb8 32. Bc2 g6 33. h4 h5 34. Rd3 Bh6 35. Be1 Qe7 36.
Bd2 Bxd2 37. R1xd2 Qe5 38. Qxe5+ dxe5 39. Rd1 Ra8 40.
Kf2 Ra2 41. R1d2 Rea8 42. Bd1 Ra1 43. Ke2 Rc1 44. Rc2 Rb1 45. Rcd2 f5 46. Bc2 Rc1 47. exf5 gxf5 48. Bd1 e4 49. fxe4 fxe4 50. Rg3 Raa1 51. Rg6 e3 52. Rb2 Be4 53. Re6 Bf5 54. Re5 Bg4+ 55.
Kd3 Rxd1+ 56. Ke4 e2 57. Re8+ Kg7 58. Rxe2 Bxe2 59. Kf5 Bg4+ 60. Kg5 Re1 61. Rb8 Re5+ 62. Kf4 Rf5+ 63. Kg3 d3 64. Rd8 Rd1 65. b4 cxb4 66. c5 Rxc5 67. Rd5 Rxd5 68. Kh2 d2 69. Kg3 Rf1 70.
Kh2 d1=Q 71. Kg3 Qe1+ 72. Kh2 Qxh4# 0-1

[Event "*** Titled Tuesday 3|2 Blitz (Early)"]
[Site "Chess.com"]
[Date "2016.11.01"]
[Round "1"]
[White "GianmarcoVaR"]
[Black "Paralinch"]
[Result "1/2-1/2"]
[WhiteElo "2405"]
[BlackElo "2639"]
[TimeControl "180+2"]
[EndTime "11:09:50 PDT"]
[Termination "Game drawn by agreement"]

1. d4 d5 2. Nf3 Nf6 3. c4 dxc4 4.
e3 e6 5. Bxc4 c5 6. O-O a6 7. Bb3 Be7 8. dxc5 Qxd1 9. Rxd1 Bxc5 10. Nc3 b5 11. Bd2 Bb7 12. Rac1 Nbd7 13. a4 b4 14. Ne2 a5 15. Ned4 Ke7 16. Bc4 Rhc8 17. Bb5 Rc7 18. Nb3 Bb6 19. Rxc7 Bxc7 20. Nfd4 Rc8 21.
Rc1 Ne4 22. Be1 Nd6 23. Bc6 Bb6 24. Bxb7 Rxc1 25. Nxc1 Nxb7 26. Ndb3 Ndc5 27. Nxc5 Nxc5 28. b3 Bc7 29. Kf1 Be5 30. Ke2 Bb2 31. Nd3 Nxd3 32. Kxd3 Kd6 33. f3 Be5 34. Kc4 Kc6 35. f4 Bc7 36. Bd2 f5 37. Bc1 h6 38. h4 g6 39.
g3 e5 40. Bb2 e4 41. Bd4 Bd8 42. Bg7 Bb6 43. Bd4 Bd8 44. Bg7 h5 45. Bd4 Be7 46.
Be5 Bc5 47. Bd4 Bd6 48. Bf6 Bc7 49. Bd4 Bd8 50. Be5 Bb6 51. Bd4 Bc7 52. Bc5 Bd8 53. Ba7 Bc7 54. Kd4 Kb7 55. Bc5 Kc6 56. Kc4 Bd8 57. Bd4 Bc7 58. Bc5 Bd8 59. Bd4 Be7 60.
Be5 Bc5 61. Bd4 Bd6 62. Bf6 Bc7 63. Bd4 Bd8 64. Be5 Bb6 65. Bd4 Bc7 66. Be5 Bb6 67.
Bd4 Bc7 68. Be5 1/2-1/2

[Event "*** Titled Tuesday 3|2 Blitz (Early)"]
[Site "Chess.com"]
[Date "2016.11.01"]
[Round "1"]
[White "FlySooHigh"]
[Black "silverback96"]
[Result "1-0"]
[WhiteElo "2444"]
[BlackElo "2015"]
[TimeControl "180+2"]
[EndTime "11:09:50 PDT"]
[Termination "FlySooHigh won by resignation"]

1. e4 e6 2. d4 d5 3. e5 c5 4. c3 Qb6 5. Nf3 Nc6 6. a3 c4 7. g3 f6 8. exf6 Nxf6 9. Bg2 Bd6 10. O-O O-O 11. Qe2 Bd7 12. Ne5 Rae8 13. f4 Re7 14.
Nxd7 Nxd7 15. Kh1 Nd8 16. Nd2 Ref7 17. Nf3 Rf6 18. Be3 Rh6 19. Rae1 Nf6 20. Kg1 Ne4 21.
Ne5 Nf6 22. g4 Rh4 23. h3 Bxe5 24. fxe5 Nd7 25. Bg5 Rh6 26. Bxh6 gxh6 27. Rxf8+ Nxf8 28. Rf1 Ng6 29. Qf2 Qc7 30. h4 Qg7 31. Kh2 Ne7 32.
Bf3 Ng6 33. Bd1 Qe7 34. Kh3 b5 35. Bc2 a5 36. Qf6 Qxf6 37. Rxf6 Kg7 38. Kg3 a4 39. h5 Ne7 40. Kh4 Nf7 41. Rxe6 Kf8 42. Rb6 Ng5 43.
Rxb5 Nf3+ 44. Kg3 Ne1 45. Bxh7 Nc6 46. Kf2 Nd3+ 47. Bxd3 cxd3 48. Ke3 Ne7 49. Kxd3 Ng8 1-0

[Event "*** Titled Tuesday 3|2 Blitz (Early)"]
[Site "Chess.com"]
[Date "2016.11.01"]
[Round "1"]
[White "Holden-Caulfield"]
[Black "GremioPrudente"]
[Result "1-0"]
[WhiteElo "2477"]
[BlackElo "2039"]
[TimeControl "180+2"]
[EndTime "11:09:53 PDT"]
[Termination "Holden-Caulfield won on time"]

1. d4 d5 2. Nf3 Nf6 3. Bf4 e6 4. e3 Bd6 5. Ne5 O-O 6. Bd3 Bxe5 7. dxe5 Nfd7 8. Nd2 f5 9. exf6 Nxf6 10. O-O Nc6 11.
Nf3 Qe7 12. Ne5 Nxe5 13. Bxe5 c5 14. c4 Bd7 15. Qc2 h6 16. Rad1 Bc6 17. f3 Rad8 18. Rfe1 b6 19. b3 Nd7 20. Bb2 Nf6 21. Bg6 Be8 22. Bd3 Bc6 23. Qc1 Rd7 24. Bb1 Rfd8 25. Qc2 d4 26. exd4 cxd4 27. Qe2 Kf7 28. Bd3 Re8 29.
Qe5 Qd6 30. Bxd4 Qxe5 31. Bxe5 Red8 32. Bc2 Rxd1 33. Rxd1 Rxd1+ 34. Bxd1 Nd7 35. Bc3 Nc5 36. Bc2 Nd7 37. Kf2 a6 38. Ke3 e5 39. Bf5 Kf6 40. Bc2 g6 41. b4 g5 42. g3 Ke6 43. a3 Nf6 44. Bd3 Nd7 45. Ke2 Bb7 46. Bd2 Nf6 47.
h4 gxh4 48. gxh4 h5 49. Be3 e4 50. fxe4 Nxe4 51. Bxb6 Nf6 52. Bg6 Bh1 53. Bd4 Be4 54. Bxe4 Nxe4 55. Kd3 Nd6 56. a4 Nf5 57. Bf2 Kd6 58.
b5 axb5 59. cxb5 Kc7 60. Ke4 Nd6+ 61. Kd5 Nf5 62. a5 Ne7+ 63. Ke6 Nc8 64. a6 Kb8 65. b6 Nxb6 66. Bxb6 Ka8 67. Ke5 Kb8 68. Kf5 Ka8 69. Kg5 Kb8 70. Kxh5 Ka8 71. Kg6 Kb8 72. h5 Kc8 73. h6 1-0

[Event "*** Titled Tuesday 3|2 Blitz (Early)"]
[Site "Chess.com"]
[Date "2016.11.01"]
[Round "1"]
[White "avto24"]
[Black "GMBenjaminBok"]
[Result "0-1"]
[WhiteElo "2326"]
[BlackElo "2602"]
[TimeControl "180+2"]
[EndTime "11:10:06 PDT"]
[Termination "GMBenjaminBok won by checkmate"]

1. e4 c5 2. c3 Nf6 3. e5 Nd5 4.
d4 cxd4 5. cxd4 d6 6. Nf3 Nc6 7. Bc4 dxe5 8. dxe5 Ndb4 9. Qb3 e6 10. O-O Na5 11.
Bb5+ Bd7 12. Qa4 Bxb5 13. Qxb5+ Nac6 14. Nc3 a6 15. Qc4 Qd3 16. Qg4 h5 17. Qg3 Qf5 18. Rd1 Qg4 19. a3 Nc2 20. Rb1 Bc5 21. b4 Ba7 22. Bb2 N2d4 23. Nxd4 Bxd4 24. Qxg4 hxg4 25.
Ne4 Bxb2 26. Rxb2 Nxe5 27. Nd6+ Ke7 28. Nxb7 Rhc8 29. Re2 Nc4 30. Nc5 Ra7 31. Ra2 a5 32.
Nd3 axb4 33. Nxb4 Rxa3 34. Rxa3 Nxa3 35. h3 gxh3 36. gxh3 Nb5 37. Rb1 Nd6 38. Nd3 Rc7 39. Kg2 Nf5 40. Ne5 f6 41. Ng6+ Kf7 42. Nf4 g5 43. Nd3 Rc3 44. Rb7+ Kg6 45. Ne1 Nh4+ 46. Kh2 e5 47. Rb6 Ra3 48. Rb2 Ra1 49. Ng2 Nf3+ 50.
Kg3 e4 51. h4 Rg1 52. hxg5 Kxg5 53. Rb5+ f5 54. Kh3 Rh1+ 55. Kg3 Nd4 56. Ra5 Ne2# 0-1

[Event "*** Titled Tuesday 3|2 Blitz (Early)"]
[Site "Chess.com"]
[Date "2016.11.01"]
[Round "1"]
[White "uzbektiger95"]
[Black "ajkom197"]
[Result "1-0"]
[WhiteElo "2625"]
[BlackElo "2342"]
[TimeControl "180+2"]
[EndTime "11:10:19 PDT"]
[Termination "uzbektiger95 won by resignation"]

1. c4 c6 2. d4 d5 3. Nc3 Nf6 4.
cxd5 cxd5 5. Bf4 a6 6. e3 Nc6 7.
Be2 Bf5 8. Nf3 e6 9. Qb3 Bb4 10. Ne5 O-O 11. Nxc6 Bxc3+ 12. Qxc3 bxc6 13. O-O Qb6 14.
Rfc1 Rfc8 15. Qb3 Qa7 16. Qa3 h6 17. f3 a5 18. Rc3 Qb6 19. Rac1 Qb4 20. Bd6 Qb7 21. b3 Ne8 22. Bg3 Nf6 23. Qa4 Qb4 24. Rxc6 Rxc6 25. Qxc6 Re8 26. Qc3 Qa3 27. Qd2 a4 28.
Bb5 axb3 29. axb3 Ra8 30. b4 Qa2 31. Qxa2 Rxa2 32. Bf1 Ra3 33. b5 Rxe3 34. b6 Rb3 35. Bc7 Nd7 36. Rc6 Rb1 37. Kf2 Rb2+ 38. Kg3 g5 39.
Ba6 h5 40. h4 gxh4+ 41. Kxh4 Nxb6 42. Rxb6 Rxg2 43. Be5 Kh7 44. Rb8 Ra2 45. Rh8+ Kg6 46. Rg8+ Kh6 47. Bb5 Rf2 48. Kg3 Rb2 49. Be8 h4+ 50.
Kxh4 Rb3 51. Bxf7 Rxf3 52. Rh8+ Bh7 53. Bg8 Kg6 54. Bxh7+ Kf7 55. Ra8 Rf1 56. Ra7+ Kf8 57.
Kg5 Rh1 58. Bg6 Rg1+ 59. Kf6 Rf1+ 60. Kxe6 Rf6+ 61. Bxf6 1-0

[Event "*** Titled Tuesday 3|2 Blitz (Early)"]
[Site "Chess.com"]
[Date "2016.11.01"]
[Round "1"]
[White "NoWuss2"]
[Black "Danirod"]
[Result "0-1"]
[WhiteElo "2093"]
[BlackElo "2482"]
[TimeControl "180+2"]
[EndTime "11:10:28 PDT"]
[Termination "Danirod won on time"]

1. e4 c5 2. Nf3 g6 3. d4 cxd4 4.
Qxd4 Nf6 5. Bb5 a6 6. e5 axb5 7. exf6 Nc6 8. Qe3 e6 9. O-O b4 10. Nbd2 Qxf6 11. Nc4 d5 12. Nb6 Ra6 13. Nxd5 Qd8 14.
Rd1 Bd6 15. Bd2 O-O 16. Nxb4 Nxb4 17. Bxb4 Qc7 18. Bxd6 Rxd6 19. Rdc1 Rfd8 20. h3 b6 21. Qe5 Qe7 22. a4 Bb7 23. Qe3 Qc7 24. c3 Rd3 25. Qe5 Qc6 26. Qg5 R8d5 27. Qg3 Rf5 28. Rd1 Rfd5 29.
Rxd3 Rxd3 30. a5 bxa5 31. Rxa5 Rd8 32. h4 Kg7 33. Qe5+ Kg8 34. Rc5 Qb6 35. Rc7 Bxf3 36. gxf3 Qxb2 37. Qf6 Rf8 38. h5 Qc1+ 39. Kg2 Qh6 40.
hxg6 hxg6 41. f4 Qh5 42. Kg3 Qd5 43. c4 Qd3+ 44. Kh2 Qd2 45. Kg2 Qd1 46. Qg5 Qd6 47.
Qe5 Qd1 48. f5 Qg4+ 49. Qg3 Qxf5 50. c5 Rd8 51. c6 Qd5+ 52. Kh2 Kg7 53. Qc3+ e5 54.
Re7 Kf6 55. Rd7 Rxd7 56. cxd7 Qxd7 57. f4 Qe6 58. Kg3 Qd6 59. Kf3 Qd4 60. Qc6+ Kg7 61. fxe5 Qxe5 62. Kg2 Qf5 63. Qc3+ Qf6 64. Qc5 Qe6 65.
Qd4+ Qf6 66. Qc5 g5 67. Qc8 Qe6 68. Qc3+ f6 69. Qc7+ Kg6 70. Qc2+ Qf5 71. Qa4 Qd5+ 72. Kf2 Qe5 73. Qc2+ Qf5+ 0-1

[Event "*** Titled Tuesday 3|2 Blitz (Early)"]
[Site "Chess.com"]
[Date "2016.11.01"]
[Round "1"]
[White "Wilsonpalencia"]
[Black "GM_dmitrij"]
[Result "1-0"]
[WhiteElo "2327"]
[BlackElo "2430"]
[TimeControl "180+2"]
[EndTime "11:10:29 PDT"]
[Termination "Wilsonpalencia won by resignation"]

1. e4 e5 2. Nf3 Nc6 3. d4 exd4 4. Nxd4 Nf6 5. Nxc6 bxc6 6. e5 Qe7 7. Qe2 Nd5 8. c4 Nb6 9. Nc3 Ba6 10. Qe4 f6 11.
exf6 Qxe4+ 12. Nxe4 Bxc4 13. Bg5 Bb4+ 14. Bd2 Bxd2+ 15.
Kxd2 O-O 16. fxg7 Kxg7 17. f3 Rae8 18. b3 Bd5 19. Nc3 c5 20. Bb5 c6 21. Bd3 c4 22.
Bc2 Be6 23. Rhe1 d5 24. Rad1 c5 25. Nb5 d4 26. Nc7 c3+ 27. Kc1 Kf6 28. Nxe8+ Rxe8 29. f4 Rg8 30. g3 h5 31. Re5 Nd5 32. Rde1 Ne3 33.
R5xe3 dxe3 34. Rxe3 c4 35. Rxc3 cxb3 36. axb3 h4 37. Kb2 hxg3 38. hxg3 Bd5 39. Re3 Rg7 40. Rd3 Be4 41. Re3 Bd5 42. Re5 Be6 43. Re3 a5 44. Ka3 Ra7 45. Bd3 Rb7 46. Bc4 Bxc4 47. bxc4 Rc7 48. Rc3 Rc5 49. Ka4 Kf5 50. Rc1 Kg4 51.
Rc3 Kf5 52. Kb3 Kg4 53. Rd3 Rc7 54. Kc3 Rc6 55. Kb3 Rc7 56. Rc3 Rc5 57. Kc2 Kh3 58.
Kd3 a4 59. Kd4 Ra5 60. Ra3 Kg4 61. c5 Ra8 62. c6 Kf5 63. Kd5 Rd8+ 64. Kc5 Ra8 65.
c7 Ke6 66. Kc6 Rc8 67. Rxa4 1-0

[Event "*** Titled Tuesday 3|2 Blitz (Early)"]
[Site "Chess.com"]
[Date "2016.11.01"]
[Round "1"]
[White "IMJonathanCarlstedt"]
[Black "metalbattler"]
[Result "1/2-1/2"]
[WhiteElo "2414"]
[BlackElo "2005"]
[TimeControl "180+2"]
[EndTime "11:10:59 PDT"]
[Termination "Game drawn by repetition"]

1. c4 c6 2. g3 d5 3. Nf3 Nf6 4. Bg2 Bg4 5. Ne5 Be6 6. cxd5 cxd5 7. O-O Nbd7 8. d4 g6 9. Nc3 Bg7 10. Bg5 O-O 11. Rc1 Nxe5 12. dxe5 Nd7 13. Nxd5 Bxd5 14. Qxd5 h6 15. Bf4 g5 16. Be3 Nxe5 17. Qxd8 Rfxd8 18. Bxb7 Rab8 19. Rc7 Rd7 20. Rxd7 Nxd7 21. Bd5 Rxb2 22.
Bxa7 Rxe2 23. Rd1 Ne5 24. a4 e6 25. Kf1 Rb2 26. Be4 Ra2 27. Rd8+ Bf8 28. Bc5 Nd7 29.
Bxf8 Nxf8 30. Ra8 Kg7 31. a5 Nd7 32. Kg2 Nc5 33. Bc6 g4 34. Bb5 Ne4 35. a6 Rxf2+ 36.
Kg1 Rb2 37. Bc6 Ng5 38. Kf1 Nf3 39. h4 Rd2 40. Bb7 Nh2+ 41. Ke1 Ra2 42. Kd1 Nf1 43. Kc1 Nxg3 44. Kb1 Ra3 45. Kb2 Ra5 46. Kb3 Ne2 47. Kb4 Ra1 48. Rd8 g3 49. Rd2 Nf4 50. Kb5 Rb1+ 51.
Ka5 Ra1+ 52. Kb6 Rb1+ 53. Kc7 Ra1 54. Kb8 g2 55. Bxg2 Nxg2 56. Rxg2+ Kf6 57. a7 Rb1+ 58. Ka8 e5 59. Rc2 e4 60. Rc6+ Kf5 61. Rxh6 e3 62.
Rh5+ Kg4 63. Re5 Kf3 64. h5 e2 65. h6 e1=Q 66. Rxe1 Rxe1 67. Kb7 Rb1+ 68. Kc7 Rc1+ 69. Kb7 Rb1+ 70. Kc7 Rc1+ 71. Kb7 Rb1+ 1/2-1/2

[Event "*** Titled Tuesday 3|2 Blitz (Early)"]
[Site "Chess.com"]
[Date "2016.11.01"]
[Round "1"]
[White "APL2001"]
[Black "Sanan_Sjugirov"]
[Result "0-1"]
[WhiteElo "2417"]
[BlackElo "2690"]
[TimeControl "180+2"]
[EndTime "11:11:15 PDT"]
[Termination "Sanan_Sjugirov won by resignation"]

1. e4 c5 2. Nf3 d6 3. d4 cxd4 4. Nxd4 Nf6 5. Nc3 a6 6. Be2 e5 7.
Nf3 Be7 8. Be3 O-O 9. O-O Qc7 10.
a4 h6 11. h3 Be6 12. Nd5 Nxd5 13. exd5 Bf5 14. c3 Nd7 15. a5 Bh7 16. c4 f5 17. b4 f4 18. Bc1 Bf6 19. Bb2 Rae8 20.
Rc1 e4 21. Nd4 f3 22. gxf3 exf3 23. Bxf3 Ne5 24. Be2 Ng6 25. Ba1 Nf4 26. Ne6 Nxe6 27. dxe6 Bxa1 28. Rxa1 Bf5 29. Kh2 d5+ 30. f4 dxc4 31.
Qd4 Bxe6 32. Rac1 Rd8 33. Qe4 Bd5 34. Bxc4 Bxc4 35. Qxc4+ Qxc4 36. Rxc4 Rf7 37. Kg3 Rd3+ 38. Rf3 Rd1 39. Rfc3 Rg1+ 40. Kf2 Rb1 41. Kg3 Kh7 42.
Re3 Rg1+ 43. Kf2 Rh1 44. Kg2 Rd1 45. Kf3 Rf1+ 46. Kg3 Rf6 47. Re2 Rg6+ 48. Kh2 Rf6 49. Kg3 Rd1 50. Rf2 Rd3+ 51. Rf3 Rg6+ 52. Kf2 Rd2+ 53. Ke3 Rgd6 54. Ke4 Re2+ 55. Kf5 Rf6+ 56. Kg4 Rg2+ 57. Kh5 Rf5+ 58. Kh4 g5+ 59. fxg5 hxg5+ 60. Kh5 Rxf3 61. Rc7+ Kg8 62. Kg6 Kf8 63. Rxb7 g4 64.
Rb8+ Ke7 65. Kh5 gxh3 66. Rb7+ Kd6 67. Rb6+ Kd5 68. b5 h2 0-1

[Event "*** Titled Tuesday 3|2 Blitz (Early)"]
[Site "Chess.com"]
[Date "2016.11.01"]
[Round "1"]
[White "Genghis_K"]
[Black "fireheart92"]
[Result "0-1"]
[WhiteElo "2645"]
[BlackElo "2463"]
[TimeControl "180+2"]
[EndTime "11:11:32 PDT"]
[Termination "fireheart92 won by resignation"]

1. e4 c5 2. Nf3 d6 3. d4 cxd4 4. Nxd4 Nf6 5. Nc3 a6 6. Be3 e5 7. Nf3 Be7 8. Bc4 O-O 9. O-O Nc6 10. Bg5 Be6 11. Bb3 Nd7 12. Bxe7 Qxe7 13. Nd5 Qd8 14. c3 Nc5 15. Bc2 Ne7 16. Ne3 Qc7 17. Qd2 Rad8 18.
Rfd1 Qc6 19. Nxe5 Qb5 20. a4 Qxb2 21. N5c4 Nxe4 22. Nxb2 Nxd2 23. Rxd2 d5 24. Rad1 Rc8 25. Bb3 Rxc3 26. Bxd5 Nxd5 27. Nxd5 Rb3 28. Nf4 Bf5 29. Ne2 Rb4 30. Nd4 Bd7 31. a5 h6 32. f3 Rc8 33.
Kf2 Kf8 34. g4 Be8 35. Nf5 Rc6 36. Kg3 Rf6 37. Nd3 Rb5 38. Nf4 Rxa5 39. Rd8 Re5 40. Nd5 Rc6 41. Rb8 g6 42. Nfe3 b5 43. h4 Rd6 44. Nc7 Rc6 45. Nxe8 Rxe8 46. Rdd8 Rxd8 47. Rxd8+ Ke7 48. Rb8 Kd6 49. Rb7 Rc7 50. Rb8 Kc5 51. Ra8 Rc6 52. Ra7 Kd4 53. Kf2 f6 54. Rd7+ Kc3 55.
h5 gxh5 56. gxh5 b4 57. Nd5+ Kc4 58. Ne3+ Kc3 59. Ke2 b3 60. Rb7 a5 61. Nd5+ Kd4 62. Ne3 Kc3 63. Nd1+ Kc2 64. Rd7 Kc1 65. Ne3 a4 66. Rd1+ Kb2 67. Rd2+ Ka1 68. Rd1+ Ka2 69. Nd5 Rc2+ 70. Kd3 Kb2 71. Nb4 Rc3+ 72. Kd4 Rxf3 73. Nd3+ Kc2 74. Ra1 Rxd3+ 75. Ke4 b2 0-1

[Event "*** Titled Tuesday 3|2 Blitz (Early)"]
[Site "Chess.com"]
[Date "2016.11.01"]
[Round "1"]
[White "RitvarsReimanis"]
[Black "dretch"]
[Result "1/2-1/2"]
[WhiteElo "2418"]
[BlackElo "2656"]
[TimeControl "180+2"]
[EndTime "11:12:47 PDT"]
[Termination "Game drawn - insufficient material"]

1. d4 d5 2. c4 c6 3. Nf3 Nf6 4.
e3 Bf5 5. Nc3 e6 6. Nh4 Bg6 7.
Nxg6 hxg6 8. Bd2 Nbd7 9. Qb3 Qc7 10. cxd5 exd5 11. Rc1 Rc8 12. g3 Be7 13. Bg2 Nb6 14. e4 dxe4 15. Nxe4 O-O 16. O-O Rcd8 17. Be3 Nfd5 18.
Bd2 Nf6 19. Bf4 Qc8 20. Be3 Nfd5 21. Bd2 Nc7 22. Be3 Ne6 23. Rfd1 Nd5 24. Bh3 Nxd4 25.
Bxd4 Qxh3 26. Qxb7 Qg4 27. Bc5 Qxe4 28. Re1 Qf5 29. Bxe7 Rd7 30. Qxd7 Qxd7 31. Bxf8 Kxf8 32. Re4 g5 33. Rce1 g6 34. h4 gxh4 35. Rxh4 Kg7 36.
Ra4 c5 37. Ra5 Qc7 38. Ra3 Nb4 39. Rc1 Qd7 40. Rxc5 Qd1+ 41. Kg2 Nd3 42. Rxd3 Qxd3 43. Ra5 Qe4+ 44. Kf1 Qd4 45. b3 Kf6 46. Ra4 Qd1+ 47. Kg2 Qd5+ 48. Kg1 Qc5 49. Kg2 Ke5 50. Rc4 Qd5+ 51.
Kf1 g5 52. Ra4 Qc5 53. Ke2 f5 54. f4+ gxf4 55. gxf4+ Kf6 56. Kd3 Kg6 57. Rc4 Qd5+ 58. Kc3 Kh5 59. Kb4 Kg4 60. Ka3 Qa5+ 61. Kb2 Kf3 62. a4 Qd2+ 63. Ka3 Qe3 64. a5 Qd2 65. Ka4 Ke3 66. Kb5 Qd3 67. Kb4 Qd2+ 68. Kb5 Qd7+ 69. Ka6 Qd3 70. Kxa7 Qxb3 71. Rc5 Kxf4 72. a6 Kg4 73. Rc6 f4 74. Rg6+ Kf5 75. Rb6 Qe3 76. Kb7 Qe7+ 77. Kb8 Qd8+ 78. Kb7 Qd7+ 79. Kb8 Qe8+ 80.
Kb7 Qe4+ 81. Kb8 Qe5+ 82. Kb7 Qd5+ 83. Kb8 Qc5 84. Kb7 Qe7+ 85. Kb8 f3 86. a7 Qe5+ 87. Kb7 Qe4+ 88. Kb8 f2 89. a8=Q Qxa8+ 90. Kxa8 f1=Q 91. Kb7 Ke5 92. Kc6 Qc4+ 93. Kd7 Qc5 94. Rc6 Qa7+ 95.
Rc7 Qa4+ 96. Ke7 Qb4+ 97. Kd7 Qd6+ 98. Kc8 Kd5 99. Rd7 Qxd7+ 100. Kxd7 1/2-1/2

[Event "*** Titled Tuesday 3|2 Blitz (Early)"]
[Site "Chess.com"]
[Date "2016.11.01"]
[Round "2"]
[White "Paralinch"]
[Black "RitvarsReimanis"]
[Result "1-0"]
[WhiteElo "2645"]
[BlackElo "2414"]
[TimeControl "180+2"]
[EndTime "11:16:40 PDT"]
[Termination "Paralinch won by resignation"]

1. e4 c5 2. Nf3 Nc6 3. d4 cxd4 4. Nxd4 Nf6 5. Nc3 d6 6. Be2 e5 7. Nf3 Be7 8. Bg5 O-O 9. O-O Bg4 10. Bxf6 Bxf6 11.
Nd5 Be6 12. c3 Bxd5 13. Qxd5 Ne7 14. Qb3 Qb6 15. Qxb6 axb6 16. Bc4 Rfc8 17. Bb3 Nc6 18.
Rad1 Be7 19. Rd3 Ra7 20. Rfd1 h6 21. g3 Na5 22. Bd5 Nc4 23. Bxc4 Rxc4 24. Nd2 Rc7 25. a3 Ra4 26. f3 g6 27. Nf1 f5 28.
exf5 gxf5 29. Ne3 f4 30. Nd5 Rd7 31. Nxb6 1-0

[Event "*** Titled Tuesday 3|2 Blitz (Early)"]
[Site "Chess.com"]
[Date "2016.11.01"]
[Round "2"]
[White "YuriyKrykun"]
[Black "Anton_Demchenko"]
[Result "0-1"]
[WhiteElo "2287"]
[BlackElo "2632"]
[TimeControl "180+2"]
[EndTime "11:16:44 PDT"]
[Termination "Anton_Demchenko won by resignation"]

1. e4 c5 2. Nf3 d6 3. Bb5+ Nd7 4. d4 cxd4 5. Qxd4 a6 6. Bxd7+ Bxd7 7. O-O Rc8 8. c4 b5 9. Na3 e5 10. Qd3 Qb6 11. b3 h6 12. Nc2 Nf6 13. Ne3 Be7 14. Ba3 b4 15. Bb2 O-O 16. Rfc1 Qb7 17. Nd5 Nxd5 18.
cxd5 f5 19. Nd2 Bg5 20. Rxc8 Qxc8 21. Nc4 Bb5 22. Rc1 Bxc1 23. Bxc1 fxe4 24. Qxe4 Bxc4 25. bxc4 Qf5 0-1

[Event "*** Titled Tuesday 3|2 Blitz (Early)"]
[Site "Chess.com"]
[Date "2016.11.01"]
[Round "2"]
[White "SCIM"]
[Black "Frolyanov_D"]
[Result "0-1"]
[WhiteElo "2294"]
[BlackElo "2431"]
[TimeControl "180+2"]
[EndTime "11:16:58 PDT"]
[Termination "Frolyanov_D won by resignation"]

1. e4 e5 2. Nf3 Nf6 3. Nxe5 d6 4. Nf3 Nxe4 5. Nc3 Nxc3 6. dxc3 Be7 7. Bd3 O-O 8. Be3 Nd7 9. Qd2 c6 10. O-O-O Qa5 11.
Kb1 Ne5 12. Nxe5 dxe5 13. c4 Qxd2 14. Bxd2 Rd8 15. Rhe1 Bd6 16. c5 Bc7 17. Bc3 f6 18. f4 Bg4 19. Bc4+ Kf8 20. fxe5 Rxd1+ 0-1

[Event "*** Titled Tuesday 3|2 Blitz (Early)"]
[Site "Chess.com"]
[Date "2016.11.01"]
[Round "2"]
[White "FrankieJay"]
[Black "bilelou"]
[Result "0-1"]
[WhiteElo "2193"]
[BlackElo "2361"]
[TimeControl "180+2"]
[EndTime "11:17:03 PDT"]
[Termination "bilelou won on time"]

1. e4 c5 2. Nf3 d6 3. d4 cxd4 4. Nxd4 Nf6 5. Nc3 a6 6. Bg5 Nbd7 7. Bc4 Qb6 8. O-O Qxb2 9. Nd5 Nxd5 10. Bxd5 Qc3 11. Rb1 Qc7 12. Kh1 e6 0-1

[Event "*** Titled Tuesday 3|2 Blitz (Early)"]
[Site "Chess.com"]
[Date "2016.11.01"]
[Round "2"]
[White "viditchess"]
[Black "Rating-Schmating"]
[Result "1-0"]
[WhiteElo "2516"]
[BlackElo "2265"]
[TimeControl "180+2"]
[EndTime "11:17:28 PDT"]
[Termination "viditchess won by checkmate"]

1. d4 Nf6 2. c4 e6 3. Nf3 Bb4+ 4.
Nbd2 c5 5. a3 Bxd2+ 6. Qxd2 cxd4 7. Nxd4 Nc6 8. e3 Nxd4 9. exd4 d5 10. c5 b6 11. b4 a5 12. Bb5+ Kf8 13. O-O bxc5 14.
bxc5 Ba6 15. a4 Ne4 16. Qd3 Bb7 17. f3 Nf6 18. c6 Bc8 19. Bf4 Ne8 20. Rfc1 Nc7 21.
Qa3+ Ke8 22. Rab1 Ra7 23. Qc5 Ra8 24. Bd3 Ba6 25. Bxa6 Rxa6 26. Rb7 Na8 27. c7 Nxc7 28. Bxc7 Qd7 29. Rb8+ Qc8 30. Rxc8+ Kd7 31. Rxh8 Rc6 32. Rd8+ Kxc7 33. Qe7+ Kb6 34. Rb8+ Ka6 35. Rxc6# 1-0

[Event "*** Titled Tuesday 3|2 Blitz (Early)"]
[Site "Chess.com"]
[Date "2016.11.01"]
[Round "2"]
[White "Haridaskesavan"]
[Black "josiwales"]
[Result "1-0"]
[WhiteElo "2120"]
[BlackElo "2169"]
[TimeControl "180+2"]
[EndTime "11:17:53 PDT"]
[Termination "Haridaskesavan won by resignation"]

1. e4 c5 2. c3 d5 3. exd5 Qxd5 4. d4 Nf6 5. Nf3 Bg4 6. Be2 e6 7. O-O Nc6 8. Be3 cxd4 9. cxd4 Bb4 10. h3 Bh5 11. Qb3 Qxb3 12. axb3 O-O 13. Nc3 Bg6 14. Ne5 Nxe5 15. dxe5 Nd7 16. f4 Bc5 17. Bxc5 Nxc5 18. Bf3 Nxb3 19. Bxb7 Nxa1 20. Bxa8 Nc2 21. Be4 Rb8 22.
Bxg6 hxg6 23. Rb1 a5 24. Kf2 Na3 25. bxa3 Rc8 26. Ne2 Rc2 27. Rb5 a4 28. Rb4 1-0

[Event "*** Titled Tuesday 3|2 Blitz (Early)"]
[Site "Chess.com"]
[Date "2016.11.01"]
[Round "2"]
[White "Morshynska"]
[Black "Bishops83"]
[Result "1-0"]
[WhiteElo "2155"]
[BlackElo "2253"]
[TimeControl "180+2"]
[EndTime "11:17:58 PDT"]
[Termination "Morshynska won by resignation"]

1. Nf3 c5 2. g3 g6 3. Bg2 Bg7 4. c4 Nc6 5. O-O d6 6. Nc3 e5 7. b3 Nge7 8. Bb2 O-O 9. e3 h6 10. d3 Be6 11. Qe2 f5 12. Rad1 d5 13. cxd5 Nxd5 14.
Nxd5 Bxd5 15. e4 Be6 16. exf5 Bxf5 17. Nxe5 Nxe5 18. Bxe5 Re8 19. f4 Bxe5 20. fxe5 Qd4+ 21. Qf2 Qxe5 22. Bxb7 Rad8 23. Bc6 Re6 24. Rde1 Qd6 25.
Rxe6 Bxe6 26. Be4 Bf7 27. Qxf7+ 1-0

[Event "*** Titled Tuesday 3|2 Blitz (Early)"]
[Site "Chess.com"]
[Date "2016.11.01"]
[Round "2"]
[White "amaidel"]
[Black "Holden-Caulfield"]
[Result "0-1"]
[WhiteElo "2469"]
[BlackElo "2485"]
[TimeControl "180+2"]
[EndTime "11:17:59 PDT"]
[Termination "Holden-Caulfield won by resignation"]

1. e4 d6 2. d4 Nf6 3. Nc3 e5 4.
Nf3 Nbd7 5. Bc4 Be7 6. O-O O-O 7. a4 a5 8. h3 c6 9. Qe2 exd4 10. Nxd4 Ne5 11.
Bb3 Qc7 12. Bf4 Re8 13. Rfe1 Bf8 14. Rad1 Bd7 15. Bh2 Rad8 16. f4 Ng6 17. Qf2 Bc8 18. g4 Nd7 19. e5 Nc5 20. exd6 Rxe1+ 21. Rxe1 Bxd6 22. f5 Nf8 23. Bxd6 Qxd6 24. Ne4 Nxe4 25. Rxe4 h6 26. Nf3 Nh7 27. Qe2 Nf6 28. Rd4 Qc7 29.
Rxd8+ Qxd8 30. Ne5 Nd5 31. Qd3 Qb6+ 32. Kg2 Nf4+ 0-1